| TOP OF THE 1ST |
|
Pittsfield Colonials batting - Pitching for Lynn Sailors : RHP Tim Hamm
|
|
Pitching: RHP Tim Hamm
|
|
|
Batting: RHB Henry Cotto
|
0-0: Ball 1-0: Called Strike 1-1: Bunt missed! 1-2: Ball 2-2: Foul Ball, location: 2F 2-2: Ground out U3 (Groundball, 3, EV 100.0 MPH)
|
|
Batting: LHB Mike Kingery
|
0-0: Swinging Strike 0-1: Ball 1-1: Ball 2-1: Swinging Strike 2-2: Foul Ball, location: 2F 2-2: Strikes out swinging
|
|
Batting: LHB Lenny Dykstra
|
0-0: Called Strike 0-1: Foul Ball, location: 2F 0-2: Ball 1-2: Foul Ball, location: 2F 1-2: Foul Ball, location: 2F 1-2: Ball 2-2: Ball 3-2: Fly out, F6 (Flyball, 56D, EV 88.1 MPH)
|
| Top of the 1st over - 0 runs, 0 hits, 0 errors, 0 left on base; Pittsfield 0 - Lynn 0 |
| BOTTOM OF THE 1ST |
|
Lynn Sailors batting - Pitching for Pittsfield Colonials : RHP Bob Stoddard
|
|
Pitching: RHP Bob Stoddard
|
|
|
Batting: SHB Curt Bryan
|
0-0: Fly out, F7 (Flyball, 7LM, EV 75.6 MPH)
|
|
Batting: RHB Ron Wotus
|
0-0: Ball 1-0: Called Strike 1-1: Ball 2-1: Swinging Strike 2-2: Strikes out swinging
|
|
Batting: LHB Marvell Wynne
|
0-0: Ball 1-0: Ball 2-0: Ball 3-0: Base on Balls
|
|
Batting: RHB Danny Tartabull
|
0-0: Ball 1-0: Called Strike 1-1: Ball Marvell Wynne steals 2nd base 2-1: Ball 3-1: Swinging Strike 3-2: Strikes out swinging
|
| Bottom of the 1st over - 0 runs, 0 hits, 0 errors, 1 left on base; Pittsfield 0 - Lynn 0 |
| TOP OF THE 2ND |
|
Pittsfield Colonials batting - Pitching for Lynn Sailors : RHP Tim Hamm
|
|
Batting: LHB Tom Beyers
|
0-0: Called Strike 0-1: Ball 1-1: Ball 2-1: Ball 3-1: Ground out 2-3 (Groundball, 2L, EV 68.8 MPH)
|
|
Batting: RHB Raymond Borucki
|
0-0: Ball 1-0: Called Strike 1-1: Ball 2-1: Ground out 4-3 (Groundball, 4, EV 81.9 MPH)
|
|
Batting: LHB James Wojcik
|
0-0: Called Strike 0-1: Ball 1-1: Swinging Strike 1-2: Strikes out swinging
|
| Top of the 2nd over - 0 runs, 0 hits, 0 errors, 0 left on base; Pittsfield 0 - Lynn 0 |
| BOTTOM OF THE 2ND |
|
Lynn Sailors batting - Pitching for Pittsfield Colonials : RHP Bob Stoddard
|
|
Batting: RHB Lee Wenzel
|
0-0: Ball 1-0: Called Strike 1-1: Ball 2-1: Foul Ball, location: 2F 2-2: Strikes out swinging
|
|
Batting: LHB Steven Michael
|
0-0: Called Strike 0-1: Ball 1-1: Fly out, F8 (Flyball, 8RD, EV 91.3 MPH)
|
|
Batting: RHB Paul Runge
|
0-0: Ball 1-0: Ground out 4-3 (Groundball, 4, EV 80.0 MPH)
|
| Bottom of the 2nd over - 0 runs, 0 hits, 0 errors, 0 left on base; Pittsfield 0 - Lynn 0 |
| TOP OF THE 3RD |
|
Pittsfield Colonials batting - Pitching for Lynn Sailors : RHP Tim Hamm
|
|
Batting: RHB Bob Melvin
|
0-0: Ball 1-0: Swinging Strike 1-1: Foul Ball, location: 2F 1-2: Strikes out swinging, 2-3 out at first.
|
|
Batting: RHB Guillermo Montiel
|
0-0: Called Strike 0-1: Fly out, F3 (Popup, 3SF, EV 83.1 MPH)
|
|
Batting: RHB Juan Castro
|
0-0: Ball 1-0: Foul Ball, location: 2F 1-1: SINGLE (Line Drive, 7S, EV 96.3 MPH)
|
|
Batting: RHB Henry Cotto
|
0-0: Ball 1-0: Foul Ball, location: 2F 1-1: Swinging Strike 1-2: Strikes out swinging
|
| Top of the 3rd over - 0 runs, 1 hit, 0 errors, 1 left on base; Pittsfield 0 - Lynn 0 |
| BOTTOM OF THE 3RD |
|
Lynn Sailors batting - Pitching for Pittsfield Colonials : RHP Bob Stoddard
|
|
Batting: RHB Pablo Cardiel
|
0-0: Swinging Strike 0-1: Called Strike 0-2: Ball 1-2: Ground out 1-3 (Groundball, 34S, EV 81.9 MPH)
|
|
Batting: SHB Tim Blackwell
|
0-0: Called Strike 0-1: Ball 1-1: Foul Ball, location: 2F 1-2: Ground out 1-3 (Groundball, 23, EV 83.8 MPH)
|
|
Batting: SHB Curt Bryan
|
0-0: Called Strike 0-1: Ball 1-1: Ball 2-1: Called Strike 2-2: Strikes out swinging
|
| Bottom of the 3rd over - 0 runs, 0 hits, 0 errors, 0 left on base; Pittsfield 0 - Lynn 0 |
| TOP OF THE 4TH |
|
Pittsfield Colonials batting - Pitching for Lynn Sailors : RHP Tim Hamm
|
|
Batting: LHB Mike Kingery
|
0-0: Ball 1-0: Fly out, F8 (Flyball, 89M, EV 90.0 MPH)
|
|
Batting: LHB Lenny Dykstra
|
0-0: Called Strike 0-1: Foul Ball, location: 2F 0-2: Ball 1-2: Ball 2-2: Fly out, F9 (Flyball, 89M, EV 86.9 MPH)
|
|
Batting: LHB Tom Beyers
|
0-0: Ball 1-0: SOLO HOME RUN (Flyball, 9D, EV 109.4 MPH), Distance : 379 ft
|
|
Batting: RHB Raymond Borucki
|
0-0: Swinging Strike 0-1: Called Strike 0-2: Foul Ball, location: 2F 0-2: Strikes out swinging
|
| Top of the 4th over - 1 run, 1 hit, 0 errors, 0 left on base; Pittsfield 1 - Lynn 0 |
| BOTTOM OF THE 4TH |
|
Lynn Sailors batting - Pitching for Pittsfield Colonials : RHP Bob Stoddard
|
|
Batting: RHB Ron Wotus
|
0-0: Called Strike 0-1: SINGLE (Flyball, 56D, EV 88.1 MPH)
|
|
Batting: LHB Marvell Wynne
|
0-0: Ball 1-0: Fly out, F9 (Flyball, 89D, EV 87.5 MPH)
|
|
Batting: RHB Danny Tartabull
|
0-0: Ball 1-0: Foul Ball, location: 2F 1-1: Ball 2-1: Ball 3-1: Foul Ball, location: 2F 3-2: SINGLE (Groundball, 6D, EV 105.0 MPH) Ron Wotus to second
|
|
Batting: RHB Lee Wenzel
|
0-0: Ball 1-0: Called Strike 1-1: Foul Ball, location: 2F 1-2: Strikes out swinging
|
|
Batting: LHB Steven Michael
|
0-0: Ball 1-0: Ball 2-0: Called Strike 2-1: Ball 3-1: Fielders Choice at 2nd, 5-4 (Groundball, 5, EV 103.8 MPH)
|
| Bottom of the 4th over - 0 runs, 2 hits, 0 errors, 2 left on base; Pittsfield 1 - Lynn 0 |
| TOP OF THE 5TH |
|
Pittsfield Colonials batting - Pitching for Lynn Sailors : RHP Tim Hamm
|
|
Batting: LHB James Wojcik
|
0-0: Swinging Strike 0-1: Foul Ball, location: 2F 0-2: Ball 1-2: Foul Ball, location: 2F 1-2: Ball 2-2: Ball 3-2: Foul Ball, location: 2F 3-2: Strikes out looking
|
|
Batting: RHB Bob Melvin
|
0-0: Foul Ball, location: 2F 0-1: Ball 1-1: Ball 2-1: SINGLE (Line Drive, 89S, EV 111.9 MPH)
|
|
Batting: RHB Guillermo Montiel
|
0-0: Swinging Strike 0-1: Swinging Strike 0-2: Ball 1-2: Ball 2-2: Fly out, F8 (Line Drive, 8LD, EV 101.3 MPH)
|
|
Batting: RHB Juan Castro
|
0-0: Called Strike 0-1: Ball 1-1: Ball 2-1: Ball 3-1: Base on Balls Bob Melvin to second
|
|
Batting: RHB Henry Cotto
|
0-0: Ball 1-0: Foul Ball, location: 2F 1-1: Fly out, F7 (Flyball, 78M, EV 91.9 MPH)
|
| Top of the 5th over - 0 runs, 1 hit, 0 errors, 2 left on base; Pittsfield 1 - Lynn 0 |
| BOTTOM OF THE 5TH |
|
Lynn Sailors batting - Pitching for Pittsfield Colonials : RHP Bob Stoddard
|
|
Batting: RHB Paul Runge
|
0-0: Ball 1-0: Foul Ball, location: 2F 1-1: Ball 2-1: Swinging Strike 2-2: Fly out, F4 (Popup, 34, EV 76.9 MPH)
|
|
Batting: RHB Pablo Cardiel
|
0-0: DOUBLE (Groundball, 5L, EV 104.4 MPH)
|
|
Batting: SHB Tim Blackwell
|
0-0: Fly out, F7 (Line Drive, 7, EV 86.3 MPH)
|
|
Batting: SHB Curt Bryan
|
0-0: Ball 1-0: Ball 2-0: Foul Ball, location: 2F 2-1: Foul Ball, location: 2F 2-2: Ball 3-2: Foul Ball, location: 2F 3-2: Ground out 4-3 (Groundball, 4D, EV 88.8 MPH)
|
| Bottom of the 5th over - 0 runs, 1 hit, 0 errors, 1 left on base; Pittsfield 1 - Lynn 0 |
| TOP OF THE 6TH |
|
Pittsfield Colonials batting - Pitching for Lynn Sailors : RHP Tim Hamm
|
|
Batting: LHB Mike Kingery
|
0-0: Called Strike 0-1: Swinging Strike 0-2: Ball 1-2: Ball 2-2: Ball 3-2: Fly out, F8 (Flyball, 8LD, EV 99.4 MPH)
|
|
Batting: LHB Lenny Dykstra
|
0-0: Called Strike 0-1: Ground out 1-3 (Groundball, P, EV 88.8 MPH)
|
|
Batting: LHB Tom Beyers
|
0-0: Swinging Strike 0-1: Fly out, F3 (Flyball, 3D, EV 85.6 MPH)
|
| Top of the 6th over - 0 runs, 0 hits, 0 errors, 0 left on base; Pittsfield 1 - Lynn 0 |
| BOTTOM OF THE 6TH |
|
Lynn Sailors batting - Pitching for Pittsfield Colonials : RHP Bob Stoddard
|
|
Batting: RHB Ron Wotus
|
0-0: Ball 1-0: Ball 2-0: Ground out 5-3 (Groundball, 56, EV 106.3 MPH)
|
|
Batting: LHB Marvell Wynne
|
0-0: Ball 1-0: Called Strike 1-1: Called Strike 1-2: Ball 2-2: SINGLE (Groundball, 4D, EV 94.4 MPH)
|
|
Batting: RHB Danny Tartabull
|
0-0: Ball Marvell Wynne steals 2nd base 1-0: Foul Ball, location: 2F 1-1: Ground out 5-3 (Groundball, 56S, EV 88.8 MPH)
|
|
Batting: RHB Lee Wenzel
|
0-0: Called Strike 0-1: Called Strike 0-2: Foul Ball, location: 2F 0-2: Foul Ball, location: 2F 0-2: Ground out 6-3 (Groundball, 6, EV 83.1 MPH)
|
| Bottom of the 6th over - 0 runs, 1 hit, 0 errors, 1 left on base; Pittsfield 1 - Lynn 0 |
| TOP OF THE 7TH |
|
Pittsfield Colonials batting - Pitching for Lynn Sailors : RHP Tim Hamm
|
|
Batting: RHB Raymond Borucki
|
0-0: Ball 1-0: Called Strike 1-1: Foul Ball, location: 2F 1-2: Strikes out looking
|
|
Batting: LHB James Wojcik
|
0-0: Ball 1-0: Ball 2-0: Called Strike 2-1: Fly out, F7 (Flyball, 7LM, EV 87.5 MPH)
|
|
Batting: RHB Bob Melvin
|
0-0: Ball 1-0: Called Strike 1-1: Ball 2-1: Fly out, F8 (Flyball, 8LXD, EV 98.8 MPH)
|
| Top of the 7th over - 0 runs, 0 hits, 0 errors, 0 left on base; Pittsfield 1 - Lynn 0 |
| BOTTOM OF THE 7TH |
|
Lynn Sailors batting - Pitching for Pittsfield Colonials : RHP Bob Stoddard
|
|
Batting: LHB Steven Michael
|
0-0: Foul Ball, location: 2F 0-1: Foul Ball, location: 2F 0-2: Ball 1-2: Ground out U3 (Groundball, 3L, EV 91.9 MPH)
|
|
Batting: RHB Paul Runge
|
0-0: Ball 1-0: Foul Ball, location: 2F 1-1: Fly out, F8 (Flyball, 8LD, EV 88.1 MPH)
|
|
Batting: RHB Pablo Cardiel
|
0-0: Ball 1-0: Ball 2-0: SOLO HOME RUN (Line Drive, 78XD, EV 110.6 MPH), Distance : 409 ft
|
|
Batting: SHB Tim Blackwell
|
0-0: Called Strike 0-1: Foul Ball, location: 2F 0-2: Ball 1-2: Ball 2-2: Foul Ball, location: 2F 2-2: Fly out, F8 (Flyball, 8RD, EV 84.4 MPH)
|
| Bottom of the 7th over - 1 run, 1 hit, 0 errors, 0 left on base; Pittsfield 1 - Lynn 1 |
| TOP OF THE 8TH |
|
Pittsfield Colonials batting - Pitching for Lynn Sailors : RHP Tim Hamm
|
|
Batting: RHB Guillermo Montiel
|
0-0: SINGLE (Line Drive, 78S, EV 111.3 MPH)
|
|
Batting: RHB Juan Castro
|
0-0: Foul Ball, location: 2F 0-1: Ball 1-1: Ball 2-1: Ball 3-1: Called Strike 3-2: Strikes out swinging
|
|
Pitching: RHP Dennis Sandoval
|
|
|
Batting: RHB Henry Cotto
|
0-0: Ball 1-0: Ball 2-0: Called Strike 2-1: Swinging Strike 2-2: Reached on error, E7 (Flyball, 7, EV 97.5 MPH) Guillermo Montiel to second
|
|
Batting: LHB Mike Kingery
|
0-0: Ball 1-0: Foul Ball, location: 2F 1-1: Called Strike 1-2: Ball 2-2: Ball 3-2: Strikes out looking
|
|
Batting: LHB Lenny Dykstra
|
0-0: Foul Ball, location: 2F 0-1: Foul Ball, location: 2F 0-2: Strikes out looking
|
| Top of the 8th over - 0 runs, 1 hit, 1 error, 2 left on base; Pittsfield 1 - Lynn 1 |
| BOTTOM OF THE 8TH |
|
Lynn Sailors batting - Pitching for Pittsfield Colonials : RHP Bob Stoddard
|
|
Batting: SHB Curt Bryan
|
0-0: Called Strike 0-1: Ball 1-1: Ball 2-1: Swinging Strike 2-2: Ball 3-2: Strikes out looking
|
|
Batting: RHB Ron Wotus
|
0-0: Swinging Strike 0-1: Foul Ball, location: 2F 0-2: Ground out 4-3 (Groundball, 4, EV 88.1 MPH)
|
|
Batting: LHB Marvell Wynne
|
0-0: Called Strike 0-1: Ball 1-1: Fly out, F8 (Flyball, 8LXD, EV 86.3 MPH)
|
| Bottom of the 8th over - 0 runs, 0 hits, 0 errors, 0 left on base; Pittsfield 1 - Lynn 1 |
| TOP OF THE 9TH |
|
Pittsfield Colonials batting - Pitching for Lynn Sailors : RHP Dennis Sandoval
|
|
Pitching: RHP Kenneth Palmer
|
|
|
Batting: LHB Tom Beyers
|
0-0: Foul Ball, location: 2F 0-1: Ball 1-1: SINGLE (Line Drive, 89S, EV 102.5 MPH)
|
|
Batting: RHB Raymond Borucki
|
0-0: Ball 1-0: Ball 2-0: Foul Ball, location: 2F 2-1: Fielders Choice at 2nd, 1-6 (Groundball, 34S, EV 70.6 MPH)
|
|
Batting: LHB James Wojcik
|
0-0: Swinging Strike 0-1: Ground out 6-3 (Groundball, 6, EV 81.9 MPH) Raymond Borucki to second
|
|
Batting: RHB Bob Melvin
|
0-0: Fly out, F9 (Line Drive, 9D, EV 96.9 MPH)
|
| Top of the 9th over - 0 runs, 1 hit, 0 errors, 1 left on base; Pittsfield 1 - Lynn 1 |
| BOTTOM OF THE 9TH |
|
Lynn Sailors batting - Pitching for Pittsfield Colonials : RHP Bob Stoddard
|
|
Pitching: RHP Doug Sisk
|
|
|
Batting: RHB Danny Tartabull
|
0-0: Ball 1-0: Ball 2-0: Ground out U3 (Groundball, 34, EV 81.9 MPH)
|
|
Pinch Hitting: LHB Raymond Alonzo
|
0-0: SINGLE (Groundball, 4MS, EV 60.0 MPH) (infield hit)
|
|
Batting: LHB Steven Michael
|
0-0: Sac Bunt to 13 - play at first, batter OUT! 1-3 Raymond Alonzo to second
|
|
Batting: RHB Paul Runge
|
0-0: Intentional Walk
|
|
Batting: RHB Pablo Cardiel
|
0-0: Called Strike 0-1: Ground out 1-3 (Groundball, 13S, EV 64.4 MPH)
|
| Bottom of the 9th over - 0 runs, 1 hit, 0 errors, 2 left on base; Pittsfield 1 - Lynn 1 |
| TOP OF THE 10TH |
|
Pittsfield Colonials batting - Pitching for Lynn Sailors : RHP Kenneth Palmer
|
|
Now at 1B: Raymond Alonzo
|
|
|
Batting: RHB Guillermo Montiel
|
0-0: Called Strike 0-1: Ball 1-1: Swinging Strike 1-2: Ball 2-2: Strikes out looking
|
|
Batting: RHB Juan Castro
|
0-0: Ball 1-0: Swinging Strike 1-1: Called Strike 1-2: Ball 2-2: Foul Ball, location: 2F 2-2: Ball 3-2: Foul Ball, location: 2F 3-2: Strikes out looking
|
|
Batting: RHB Henry Cotto
|
0-0: Fly out, F3 (Popup, 3L, EV 58.1 MPH)
|
| Top of the 10th over - 0 runs, 0 hits, 0 errors, 0 left on base; Pittsfield 1 - Lynn 1 |
| BOTTOM OF THE 10TH |
|
Lynn Sailors batting - Pitching for Pittsfield Colonials : RHP Doug Sisk
|
|
Batting: SHB Tim Blackwell
|
0-0: Called Strike 0-1: DOUBLE (Line Drive, 9LS, EV 111.9 MPH) - OUT at third base trying to stretch hit.
|
|
Batting: SHB Curt Bryan
|
0-0: Foul Ball, location: 2F 0-1: Ball 1-1: Ball 2-1: Ball 3-1: Base on Balls
|
|
Batting: RHB Ron Wotus
|
0-0: Ball 1-0: Ball 2-0: Called Strike 2-1: SINGLE (Groundball, 25, EV 71.3 MPH) (infield hit) Curt Bryan to second
|
|
Batting: LHB Marvell Wynne
|
0-0: Called Strike 0-1: Reached on error, E6 (Groundball, 6, EV 102.5 MPH) Curt Bryan to third Ron Wotus to second
|
|
Batting: RHB Danny Tartabull
|
0-0: Ball 1-0: Ball 2-0: Called Strike 2-1: Ball 3-1: Base on Balls Curt Bryan scores Ron Wotus to third Marvell Wynne to second
|
| Bottom of the 10th over - 1 run, 2 hits, 1 error, 0 left on base; Pittsfield 1 - Lynn 2 |
|